 Dungeon Crawl Stone Soup version 0.31-a0-102-g33a4ccc0cb (webtiles) character file.

Game seed: 14446835872948309344

478 AuraOfTheDawn the Shield-Bearer (level 6, -6/53 (62) HPs)
             Began as a Troll Fighter on May 26, 2023.
             Was an Initiate of Yredelemnul.
             Mangled by a wight
             ... wielding a +0 great sword
              (7 damage)
             ... on level 4 of the Dungeon.
             The game lasted 00:14:39 (3021 turns).

AuraOfTheDawn the Shield-Bearer (Troll Fighter)     Turns: 3021, Time: 00:14:39

HP:   -6/53 (62)    AC:  6    Str: 27    XL:     6   Next: 85%
MP:   6/6           EV:  9    Int:  4    God:    Yredelemnul [......]
Gold: 241           SH:  8    Dex:  9    Spells: 5/5 levels left

rFire   + .          .
                       - Unarmed
rCold   + . .        b - +0 kite shield
rNeg    . . .        a - +0 robe
rPois   .            m - +1 hat of Leaves {+Blink rF+ rC+}
rElec   .            h - +0 cloak
rCorr   .            (gloves unavailable)
SInv    .            (boots unavailable)
Will    .....        (no amulet)
Stlth   +            (no ring)
HPRegen 1.08/turn    (no ring)
MPRegen 0.10/turn

%: no passive effects
@: heavily drained
A: large, unfitting armour, claws 3, regeneration 1, shaggy fur 1, tough skin 1
a: Renounce Religion, Evoke Blink, Recall Undead Harvest


You were on level 4 of the Dungeon.
You worshipped Yredelemnul.
Yredelemnul was noncommittal.
You visited 1 branch of the dungeon, and saw 4 of its levels.

You collected 241 gold pieces.

Inventory:

Missiles
 d - 7 boomerangs (quivered)
 e - 6 javelins
Armour
 a - a +0 robe (worn)
 b - a +0 kite shield (worn)
 h - a +0 cloak (worn)
 m - the +1 hat of Leaves (worn) {+Blink rF+ rC+}
   (You found it on level 3 of the Dungeon)

   rF:        It protects you from fire.
   rC:        It protects you from cold.
   +Blink:    It lets you blink.
Scrolls
 f - a scroll of teleportation {unknown}
 g - a scroll of poison {unknown}
 j - 3 scrolls of amnesia {unknown}
 l - 3 scrolls of fear {unknown}
 n - 2 scrolls of identify {unknown}
 o - a scroll of butterflies {unknown}
 p - a scroll of magic mapping {unknown}
 q - a scroll of noise {unknown}
Potions
 c - 2 potions of might
 i - a potion of invisibility {unknown}
 k - 2 potions of enlightenment {unknown}


   Skills:
 + Level 3.7 Fighting
 + Level 3.6 Dodging
 + Level 4.0 Shields
 + Level 3.7 Unarmed Combat
 + Level 2.0 Invocations


You had 5 spell levels left.
You didn't know any spells.
Your spell library was empty.

Dungeon Overview and Level Annotations

Branches:
Dungeon (4/15)
 Temple: D:4-7

Altars:
Gozag
Sif Muna
Yredelemnul

Shops:
D:2 !?   D:4 !


Innate Abilities, Weirdness & Mutations

You are too large for most types of armour.
You have claws for hands.
Your natural rate of healing is unusually fast.
You are covered in fur. (AC +1)
You have tough skin. (AC +1)


Message History

Your orc zombie hits the wight but does no damage.
The wight hits you from afar with a +0 spear.
* * * LOW HITPOINT WARNING * * *
Your Shields skill increases to level 4!
Your adder zombie barely misses the wight.
Something hits your adder zombie!
Your adder zombie is destroyed!
Your hound zombie barely misses the wight.
Your phantom disappears in a puff of smoke!
Your hound zombie bites the wight.
The wight hits your orc zombie with a +0 great sword!
Your orc zombie is destroyed!
The wight hits you with a +0 spear.
* * * LOW HITPOINT WARNING * * *
You feel drained.
* * * LOW HITPOINT WARNING * * *
You claw the wight!
The wight is severely damaged.
Your hound zombie bites the wight but does no damage.
The wight hits your orc zombie with a +0 great sword!!
Your orc zombie is destroyed!
The wight hits you with a +0 spear.
* * * LOW HITPOINT WARNING * * *
You feel drained.
Your hound zombie barely misses the wight.
You claw the wight!
You destroy the wight!
The wight barely misses your adder zombie.
Your gnoll zombie barely misses the wight.
Your adder zombie bites the wight but does no damage.
Your Invocations skill increases to level 2!
The wight hits your adder zombie with a +0 great sword!!
Your adder zombie is destroyed!
Your gnoll zombie hits the wight but does no damage.
There is an entrance to Taof's Distillery here.
The wight hits you with a +0 great sword!
* * * LOW HITPOINT WARNING * * *
You feel drained.
You die...
Your body rises from the dead as a mindless zombie.

#. #.# ##### #.#
#...########.######
#.................#
#...........#...#.#
#............#.#..###
#.............Z)....# #
#........>...#@#...... #
#...####.#..#z..#.....
###...#.........Z.......
.###.Z#.##..#...#.......
ZZZ#....##..#.[.....>...
##.#.#..##..#....#######
#.......#.......#
##..............##
#.........#..


You could see a wight (ally target), a friendly hound zombie and a friendly
gnoll zombie.

Vanquished Creatures
  3 wights (D:4)
  A hound (D:4)
  An orc priest (D:3)
  3 orc wizards
  Robin (D:2)
  A gnoll (D:4)
  5 adders
  A worm (D:2)
  2 dart slugs
  12 orcs
  4 ball pythons
  11 endoplasms
  3 giant cockroaches
  14 goblins
  10 hobgoblins
  6 jackals (D:2)
  A quokka (D:2)
  6 bats
  4 frilled lizards
  5 kobolds
  3 rats
97 creatures vanquished.

Vanquished Creatures (collateral kills)
  An orc (D:4)
  A ball python (D:2)
  3 goblins (D:2)
  2 bats (D:2)
  An orc zombie (D:3)
8 creatures vanquished.

Vanquished Creatures (others)
  3 adder zombies
  2 ball python zombies (D:2)
  2 endoplasm zombies
  A giant cockroach zombie (D:4)
  3 goblin zombies (D:2)
  A hobgoblin zombie (D:2)
  A jackal zombie (D:2)
  4 orc zombies
  A quokka zombie (D:2)
  A rat zombie (D:2)
19 creatures vanquished.

Grand Total: 124 creatures vanquished

Notes
Turn   | Place    | Note
-------+----------+-------------------------------------------
     0 | D:1      | AuraOfTheDawn the Troll Fighter began the quest for the
                  | Orb.
     0 | D:1      | Reached XP level 1. HP: 22/22 MP: 0/0
   127 | D:1      | Reached XP level 2. HP: 28/29 MP: 1/1
   554 | D:1      | Reached skill level 3 in Shields
   878 | D:1      | Found a faded altar of an unknown god.
   900 | D:1      | Prayed at the altar of an unknown god.
   900 | D:1      | Became a worshipper of Yredelemnul the Dark
   900 | D:1      | Reached * piety under Yredelemnul
   916 | D:1      | Reached XP level 3. HP: 36/36 MP: 2/2
   959 | D:2      | Found Rushyrph's Magic Scroll Shoppe.
  1051 | D:2      | Noticed Robin
  1079 | D:2      | Killed Robin
  1080 | D:2      | Reached XP level 4. HP: 31/44 MP: 3/3
  1116 | D:2      | Reached ** piety under Yredelemnul
  1120 | D:2      | Found Suzximn's Distillery.
  1281 | D:2      | Found Toommy's Distillery.
  1978 | D:3      | Identified the +1 hat of Leaves {+Blink rF+ rC+}
  2066 | D:3      | Reached XP level 5. HP: 53/53 MP: 4/4
  2249 | D:3      | Reached skill level 1 in Invocations
  2254 | D:3      | Found a shimmering blue altar of Sif Muna.
  2664 | D:4      | Reached XP level 6. HP: 59/61 MP: 6/6
  2907 | D:4      | Found an opulent altar of Gozag.
  2992 | D:4      | Found Taof's Distillery.
  3016 | D:4      | Reached skill level 4 in Shields
  3021 | D:4      | HP: 1/56 [wight/+0 great sword (14)]
  3021 | D:4      | Mangled by a wight

Illustrated notes

Levels and vault maps discovered:
D:1:      psy_arrival_radial02, layout_basic, shapermc_ecumenical_altar_pompeii,
          minmay_box_of_dots
D:2:      layout_rooms, serial_forest, infiniplex_forest_end_2,
          infiniplex_forest_lined_room_, infiniplex_forest_straight_3,
          infiniplex_forest_end_double, infiniplex_forest_clump_long,
          infiniplex_forest_lined_3, serial_shops,
          nicolae_shop_industrial_runoff, shop, nicolae_shop_industrial_runoff,
          kennysheep_generic_room_7, uniq_robin
D:3:      layout_basic, mainiacjoe_overflow_concentric_impassable, minivault_26
D:4:      minmay_polygon_palace, layout_rooms, grunt_gozag_statues,
          lemuel_mausoleum_altar_yredelemnul,
          mainiacjoe_overflow_surrounded_room, serial_shops,
          nicolae_shop_advertising_works [nicolae_subvault_shop_adworks],
          biasface_ghost_orc_armoury, minmay_quantized

Skill      XL: |  1  2  3  4  5  6 |
---------------+-------------------+-----
Shields        | 3 4 |  4.0
Fighting       | 3 |  3.7
Dodging        | 3 |  3.6
Unarmed Combat | 3 |  3.7
Invocations    | 1 2 |  2.0

Action                     |  1- 3 |  4- 6 || total
---------------------------+-------+-------++-------
  Melee: Unarmed           |    82 |   160 ||   242
 Invoke: Dark Bargain      |       |     1 ||     1
   Stab: Distracted        |       |     1 ||     1
 Armour: Robe              |    32 |    54 ||    86
  Dodge: Dodged            |    34 |    48 ||    82
  Block: Kite shield       |    30 |    66 ||    96

Table legend: (Time is in decaauts)
 A = Elapsed time spent in this place.
 B = Non-inter-level travel time spent in this place.
 C = Inter-level travel time spent in this place.
 D = Time resting spent in this place.
 E = Time spent auto-exploring this place.
 F = Levels seen in this place.
 G = Mean time per level.
                   A        B        C        D        E       F      G
               +--------+--------+--------+--------+--------+-----+--------+
         Total |   3035 |   3035 |      0 |    100 |   1495 |   4 |  758.8 |
       Dungeon |   3035 |   3035 |      0 |    100 |   1495 |   4 |  758.8 |
               +--------+--------+--------+--------+--------+-----+--------+

Top non-repeatable levels by time:
     D:1: 969 daAuts
     D:3: 857 daAuts
     D:2: 797 daAuts
     D:4: 410 daAuts
